 Dungeon Crawl Stone Soup version 0.31-a0-180-g519b7de00c (webtiles) character file.

Game seed: 10727159847392194462

219 qw the Chopper (level 5, -6/33 HPs)
             Began as a Gargoyle Fighter on June 20, 2023.
             Mangled by an ogre
             ... wielding a +0 giant club
              (11 damage)
             ... on level 4 of the Dungeon.
             The game lasted 00:01:36 (2545 turns).

qw the Chopper (Gargoyle Fighter)                   Turns: 2545, Time: 00:01:37

Health: -6/33      AC: 13    Str: 22    XL:     5   Next: 96%
Magic:  5/5        EV:  9    Int:  8    God:
Gold:   145        SH:  4    Dex:  9    Spells: 4/4 levels left

rFire   + . .        Y - +1 war axe
rCold   . . .        c - +0 buckler
rNeg    + + .        b - +0 scale mail
rPois   inf          (no helmet)
rElec   +            e - +0 cloak
rCorr   .            (no gloves)
SInv    .            k - +0 pair of boots
Will    .....        l - amulet of the acrobat Stlth
                     h - ring of protection from fire
HPRegen 0.25/turn    g - ring of positive energy
MPRegen 0.09/turn

%: acrobat
@: about to teleport
A: sickness immunity, AC +4, negative energy resistance 1, electricity
resistance, torment resistance 1, petrification resistance
a: no special abilities


You were on level 4 of the Dungeon.
You visited 1 branch of the dungeon, and saw 4 of its levels.

You collected 145 gold pieces.


Innate Abilities, Weirdness & Mutations

You are immune to sickness and miasma.
Your stone body is resilient. (AC +4)
You are immune to poison.
You resist negative energy. (rN+)
You are resistant to electric shocks. (rElec)
You are resistant to unholy torment.
You are immune to petrification.


   Skills:
 - Level 4.2 Fighting
 - Level 5.0 Axes
 - Level 3.2 Armour
 + Level 0.0 Dodging
 - Level 3.2 Shields


You had 4 spell levels left.
You didn't know any spells.
Your spell library was empty.

Inventory:

Hand Weapons
 s - a +0 whip
 Y - a +1 war axe (weapon)
Missiles
 q - a boomerang (quivered)
Armour
 b - a +0 scale mail (worn)
 c - a +0 buckler (worn)
 e - a +0 cloak (worn)
 j - a +0 helmet
 k - a +0 pair of boots (worn)
Jewellery
 g - a ring of positive energy (right hand)
 h - a ring of protection from fire (left hand)
 l - an amulet of the acrobat (around neck)
Scrolls
 i - 2 scrolls of teleportation
 o - a scroll of identify
Potions
 a - a potion of mutation
 d - a potion of might
 f - a potion of lignification
 m - a potion of resistance {unknown}
 n - a potion of curing

Dungeon Overview and Level Annotations

Branches:
Dungeon (4/15)
 Temple: D:4-7

Altars:

Annotations:
D:3 3 runed translucent doors, qw's ghost, amateur GrFi


Message History

The goblin hits you but does no damage.
You slash the goblin!
You kill the goblin!
You now have 145 gold pieces (gained 10).
You see here a +0 dagger.
There is an escape hatch in the ceiling here.
Found a ring mail.
Found a scroll of vulnerability.
A howler monkey and an ogre come into view.
The howler monkey howls!
The ogre shouts!
Enter note: You throw a boomerang.
The boomerang barely misses the ogre.
You throw a boomerang. The boomerang hits the howler monkey.
The howler monkey is moderately wounded.
You throw a boomerang.
The boomerang closely misses the howler monkey.
You throw a boomerang. The boomerang hits the ogre.
The ogre is lightly wounded.
A sleepcap comes into view.
You throw a boomerang. The boomerang hits the howler monkey.
The howler monkey is moderately wounded.
The howler monkey hoots and howls with incredible vigour!
The ogre barely misses you.
You hear a shout! x2
You slash the howler monkey!
You kill the howler monkey!
You barely miss the ogre.
Your Fighting skill increases to level 4!
You barely miss the ogre.
The ogre is lightly wounded.
The ogre hits you with a +0 giant club!
You slash the ogre!
The ogre is heavily wounded.
The ogre hits you with a +0 giant club!!
Ouch! That really hurt!
2545 ||| READING 3 scrolls of teleportation.
As you read the scroll of teleportation, it crumbles to dust.
You feel strangely unstable. The ogre hits you with a +0 giant club!
You die...

.........##.#
###...........
.............#
#..........#
#?........#
#.........#
#......fO.#
#.....@.#
##.....##
#...#..#
###..###.# #...##
.# ..####..## ^.
#...#...## #..
.........# ..#
[........#####...


You could see an ogre and a sleepcap.

Vanquished Creatures
  A howler monkey (D:4)
  A jelly (D:2)
  Robin (D:4)
  2 adders (D:2)
  4 worms
  2 dart slugs
  An orc (D:3)
  7 ball pythons
  17 endoplasms
  4 giant cockroaches (D:1)
  10 goblins
  8 hobgoblins
  2 jackals (D:3)
  4 quokkas
  10 bats
  3 frilled lizards
  13 kobolds
  7 rats
97 creatures vanquished.

Notes
Turn   | Place    | Note
-------+----------+-------------------------------------------
     0 | D:1      | qw the Gargoyle Fighter began the quest for the Orb.
     0 | D:1      | Reached XP level 1. HP: 14/14 MP: 1/1
     0 | D:1      | 0 ||| qw: Version: 0.3-a-9-g12657ce
     0 | D:1      | 0 ||| qw: Game counter: 1183
     0 | D:1      | 0 ||| qw: Always use a shield: true
     0 | D:1      | 0 ||| qw: God list: Okawaru
     0 | D:1      | 0 ||| qw: Allow faded altars: false
     0 | D:1      | 0 ||| qw: Do Orc after D:15 true
     0 | D:1      | 0 ||| qw: Do second Lair branch before Depths: true
     0 | D:1      | 0 ||| qw: Lair rune preference: random
     0 | D:1      | 0 ||| qw: Plans: Normal, Zot:1-4, Slime:5, God:TSO, Crypt,
                  | Tomb, Abyss, Pan, Hells, Win
     0 | D:1      | 0 ||| PLANNING D:1-11
    79 | D:1      | Reached skill level 2 in Axes
   193 | D:1      | Reached XP level 2. HP: 18/19 MP: 2/2
   328 | D:1      | 328 ||| Stepping ~*~*~tactically~*~*~ (hiding).
   454 | D:1      | Reached skill level 3 in Axes
   583 | D:1      | Reached XP level 3. HP: 22/23 MP: 3/3
   866 | D:1      | You fall into a shaft and drop 1 floor!
   867 | D:2      | 867 ||| UPGRADING to +0 pair of boots.
   872 | D:2      | 872 ||| DROPPING amulet of magic regeneration.
   873 | D:2      | 873 ||| UPGRADING to amulet of the acrobat.
   878 | D:2      | 878 ||| READING scroll labelled GEICUIPLAFO.
   879 | D:2      | 879 ||| READING scroll labelled HUULYIZUTSU.
   880 | D:2      | 880 ||| READING scroll labelled MUBLIA XUNEH.
  1086 | D:2      | 1086 ||| Stepping ~*~*~tactically~*~*~ (stealth).
  1088 | D:2      | 1088 ||| Stepping ~*~*~tactically~*~*~ (hiding).
  1119 | D:2      | Reached XP level 4. HP: 28/28 MP: 4/4
  1266 | D:2      | Reached skill level 4 in Axes
  1298 | D:2      | 1298 ||| Stepping ~*~*~tactically~*~*~ (stealth).
  1310 | D:2      | 1310 ||| FLEEEEING.
  1311 | D:2      | 1311 ||| FLEEEEING.
  1313 | D:2      | 1313 ||| FLEEEEING.
  1314 | D:2      | 1314 ||| FLEEEEING.
  1352 | D:2      | 1352 ||| DROPPING +0 club.
  1389 | D:2      | Reached XP level 5. HP: 31/32 MP: 5/5
  1572 | D:2      | 1572 ||| DROPPING scarf of invisibility.
  1573 | D:2      | 1573 ||| UPGRADING to ring of protection from fire.
  1574 | D:2      | 1574 ||| READING scroll labelled PUYPOU LAORA.
  1575 | D:2      | 1575 ||| READING 2 scrolls labelled TUUMET WEROZ.
  1576 | D:2      | 1576 ||| READING 4 scrolls labelled XOKHOE HOCRUEWN.
  1581 | D:2      | 1581 ||| READING scroll labelled XUAKEG VEMIDD.
  1582 | D:2      | 1582 ||| READING scroll labelled SOYSERO PINKER.
  1583 | D:2      | 1583 ||| READING 2 scrolls of identify.
  1583 | D:2      | 1583 ||| IDENTIFYING murky purple potion
  1584 | D:2      | 1584 ||| DROPPING scroll of noise.
  1656 | D:3      | 1656 ||| Stepping ~*~*~tactically~*~*~ (hiding).
  1657 | D:3      | 1657 ||| Stepping ~*~*~tactically~*~*~ (hiding).
  1939 | D:3      | Found a runed translucent gate.
  1941 | D:3      | Noticed qw's ghost (amateur GrFi)
  1942 | D:3      | Noticed a kobold brigand
  1943 | D:3      | Found a runed translucent gate.
  1944 | D:3      | Found a runed translucent gate.
  2179 | D:3      | Identified the +7 hand axe of Luklabom {drain, Will+ Int+2
                  | Dex-4}
  2369 | D:3      | 2369 ||| UPGRADING to +0 cloak.
  2374 | D:3      | 2374 ||| UPGRADING to ring of positive energy.
  2375 | D:3      | 2375 ||| DRINKING 2 green potions.
  2376 | D:3      | 2376 ||| READING 3 scrolls of identify.
  2376 | D:3      | 2376 ||| IDENTIFYING fizzy pink potion
  2377 | D:3      | 2377 ||| READING 2 scrolls of identify.
  2377 | D:3      | 2377 ||| IDENTIFYING fizzy silvery potion
  2378 | D:3      | 2378 ||| DROPPING potion of brilliance.
  2457 | D:4      | Noticed Robin
  2458 | D:4      | 2458 ||| Stepping ~*~*~tactically~*~*~ (stealth).
  2459 | D:4      | 2459 ||| Stepping ~*~*~tactically~*~*~ (stealth).
  2461 | D:4      | 2461 ||| Stepping ~*~*~tactically~*~*~ (hiding).
  2470 | D:4      | Reached skill level 5 in Axes
  2473 | D:4      | 2473 ||| FLEEEEING.
  2474 | D:4      | 2474 ||| FLEEEEING.
  2486 | D:4      | Killed Robin
  2536 | D:4      | Noticed an ogre
  2544 | D:4      | HP: 4/33 [ogre/+0 giant club (18)]
  2545 | D:4      | 2545 ||| READING 3 scrolls of teleportation.
  2545 | D:4      | Mangled by an ogre

Levels and vault maps discovered:
D:1:      matt_arrival_diagonals, layout_basic, minmay_worlds_worst_comb
D:2:      cheibrodos_fertilizer, layout_basic, minmay_pentomino_t4
D:3:      layout_basic, gammafunk_ghost_nasty_kobolds, dk_noncrumbling_2
D:4:      layout_rooms, kennysheep_little_box, kennysheep_mini, uniq_robin,
          uniq_grinder

Skill      XL: |  1  2  3  4  5 |
---------------+----------------+-----
Axes           | 2 3 4 5 |  5.0
Fighting       | 4 |  4.2
Armour         | |  3.2
Shields        | |  3.2

Action                     |  1- 3 |  4- 6 || total
---------------------------+-------+-------++-------
  Melee: War axe           |   104 |   129 ||   233
  Throw: Boomerang         |       |    55 ||    55
    Use: Scroll            |     3 |     9 ||    12
         Potion            |       |     1 ||     1
 Armour: Scale mail        |    58 |    54 ||   112
  Dodge: Dodged            |    47 |    50 ||    97
  Block: Buckler           |    17 |    24 ||    41

Table legend:
 A = Non-vault XP
 B = Vault XP
 C = Vault XP percentage of total XP
 D = Non-vault monster count
 E = Vault monster count
 F = Vault count percentage of total count
                 A         B        C        D         E       F
            +---------+---------+-------+---------+---------+-------
      Total |     198 |     116 |  36.9 |      63 |      34 |  35.1
            +---------+---------+-------+---------+---------+-------
        D:1 |      47 |       6 |  11.3 |      27 |       3 |  10.0
        D:2 |      54 |      73 |  57.5 |      17 |      19 |  52.8
        D:3 |      42 |       0 |   0.0 |      18 |       0 |   0.0
        D:4 |      55 |      37 |  40.2 |       1 |      12 |  92.3
            +---------+---------+-------+---------+---------+-------
